 Dungeon Crawl Stone Soup version 0.31.0-32-g396128a36d (webtiles) character file.

Game seed: 15998494347611437268

16414 unlimited1921 the Cleaver (level 12, -8/97 HPs)
             Began as a Gnoll Cinder Acolyte on Apr 3, 2024.
             Was a High Priest of Ignis.
             Mangled by Donald
             ... wielding a +0 double sword
              (36 damage)
             ... on level 2 of the Orcish Mines.
             The game lasted 01:42:53 (28093 turns).

unlimited1921 the Cleaver (Gnoll Cinder Acolyte)   Turns: 28093, Time: 01:42:53

Health: -8/97      AC: 15    Str: 14    XL:     12   Next: 37%
Magic:  16/24      EV: 13    Int: 24    God:    Ignis [*****.]
Gold:   1087       SH:  0    Dex:  8    Spells: 6/27 levels left

rFire   + . .        y - +2 hand axe (drain)
rCold   . . .        (no shield)
rNeg    . . .        u - +3 leather armour
rPois   .            b - +2 hat
rElec   .            z - +2 cloak {Stlth+}
rCorr   .            e - +0 pair of gloves
SInv    .            B - +0 pair of boots
Will    .....        S - amulet of magic regeneration
Stlth   ++++         i - ring of flight
HPRegen 0.36/turn    w - +6 ring of intelligence
MPRegen 0.59/turn

%: no passive effects
@: freezing walls, flying, very slightly contaminated, studying Short Blades
A: fangs 1, strong nose, distributed training
a: Renounce Religion, Fiery Armour, Foxfire Swarm, Rising Flame


You were on level 2 of the Orcish Mines.
You worshipped Ignis.
Ignis was extremely pleased with you.
You visited 3 branches of the dungeon, and saw 13 of its levels.

You collected 1087 gold pieces.

Inventory:

Hand Weapons
 a - a +0 arbalest
 l - a +0 hand axe of freezing
 x - a +2 orcbow of electrocution
 y - a +2 hand axe of draining (weapon)
 T - a +0 spear of freezing
Missiles
 n - 59 poisoned darts (quivered)
 N - 2 curare-tipped darts
 P - 5 javelins
 Q - a throwing net
Armour
 b - a +2 hat (worn)
 c - a +0 kite shield
 e - a +0 pair of gloves (worn)
 h - a +0 troll leather armour
 q - a +1 scale mail of willpower
 r - a +0 buckler
 u - a +3 leather armour (worn)
 z - a +2 cloak of stealth (worn)
 B - a +0 pair of boots (worn)
 C - a +2 leather armour of fire resistance
 R - +0 shadow dragon scales
Magical Staves
 M - a staff of earth
Jewellery
 i - a ring of flight (left hand)
 p - a ring of ice
 w - a +6 ring of intelligence (right hand)
 J - a +6 ring of dexterity
 L - the ring "Cumi" {Str+6 SInv}
   (You found it on level 8 of the Dungeon)

   [ring of strength]

   Str+6:     It affects your strength (+6).
   SInv:      It lets you see invisible.
 S - an amulet of magic regeneration (around neck)
Wands
 m - a wand of light (8)
 F - a wand of polymorph (17)
 I - a wand of charming (4)
 X - a wand of iceblast (7)
Scrolls
 d - a scroll of vulnerability {unknown}
 f - 3 scrolls of enchant weapon {unknown}
 t - 4 scrolls of teleportation
 A - a scroll of summoning
 E - a scroll of fog
 H - 2 scrolls of revelation
 K - 2 scrolls of brand weapon {unknown}
 U - a scroll of amnesia
Potions
 g - 3 potions of lignification {unknown}
 k - 3 potions of might {unknown}
 o - 2 potions of berserk rage {unknown}
 s - a potion of heal wounds
 v - 4 potions of degeneration {unknown}
 O - a potion of curing
 V - a potion of magic {unknown}
 W - 2 potions of brilliance {unknown}


   Skills:
 + Level 10.0 Fighting
 + Level 9.6 Short Blades
 + Level 7.5 Long Blades
 + Level 10.0 Axes
 + Level 7.5 Maces & Flails
 + Level 7.5 Polearms
 + Level 7.5 Staves
 + Level 7.5 Ranged Weapons
 + Level 7.5 Throwing
 + Level 7.5 Armour
 + Level 7.5 Dodging
 + Level 7.5 Stealth
 + Level 7.5 Shields
 + Level 7.5 Unarmed Combat
 + Level 8.0 Spellcasting
 + Level 6.2 Conjurations
 + Level 6.2 Hexes
 + Level 6.2 Summonings
 + Level 6.2 Necromancy
 + Level 6.2 Translocations
 + Level 8.4 Fire Magic
 + Level 6.2 Ice Magic
 + Level 6.2 Air Magic
 + Level 6.2 Earth Magic
 + Level 6.2 Alchemy
 + Level 8.2 Invocations
 + Level 7.5 Evocations
 + Level 6.8 Shapeshifting


You had 6 spell levels left.
You knew the following spells:

 Your Spells              Type           Power      Damage    Failure   Level
a - Hailstorm             Conj/Ice       39%        3d9       1%          3
b - Scorch                Fire           100%       2d9       1%          2
c - Frozen Ramparts       Ice            78%        1d12      1%          3
d - Sigil of Binding      Hex            39%        N/A       1%          3
e - Vampiric Draining     Necr           39%        2d8       1%          3
f - Swiftness             Air            39%        N/A       1%          3
g - Airstrike             Air            19%        2d(3-19)  6%          4

Your spell library contained the following spells:

 Spells                   Type           Power      Damage    Failure   Level
 Freeze                   Ice            100%       1d10      1%          1
 Shock                    Conj/Air       100%       1d9       1%          1
 Slow                     Hex            100%       N/A       1%          1
 Cigotuvi's Dreadful Rot  Necr/Alch/Air  78%        N/A       1%          2
 Confusing Touch          Hex            39%        N/A       1%          3
 Dispel Undead            Necr           39%        3d16      6%          4
 Martyr's Knell           Necr/Summ      39%        N/A       6%          4
 Death Channel            Necr           19%        N/A       65%         6


Dungeon Overview and Level Annotations

Branches:
Dungeon (10/15)            Temple (1/1) D:6             Orc (2/2) D:10
    Elf (0/3) Orc:2
   Lair: D:8-11

Altars:
Ashenzari
Cheibriados
Dithmenos
Elyvilon
Fedhas
Gozag
Hepliaklqana
Kikubaaqudgha
Makhleb
Nemelex Xobeh
Okawaru
Qazlal
Ru
Sif Muna
Trog
Uskayaw
Vehumet
Wu Jian
Xom
Yredelemnul
Zin
The Shining One

Shops:
D:6 *

Annotations:
D:8 3 runed translucent doors
Orc:2 Donald


Innate Abilities, Weirdness & Mutations

You have very sharp teeth.
Your uncanny sense of smell can sniff out nearby items.
Your experience applies equally to all skills.


Message History

Casting: Hailstorm (safe; 1% risk of failure)
Confirm with . or Enter, or press ? or * to list all spells.
Casting: Frozen Ramparts (safe; 1% risk of failure)
Press: ? - help, Dir - look around, f - activate The walls around you are covered in ice.
Casting: Frozen Ramparts (safe; 1% risk of failure)
Confirm with . or Enter, or press ? or * to list all spells.
You miscast Sigil of Binding.
You are very lightly contaminated with residual magic.
Nothing appears to happen.
Casting: Sigil of Binding (safe; 1% risk of failure)
Confirm with . or Enter, or press ? or * to list all spells.
Flames lash Donald.
Donald is lightly wounded.
Donald's fire resistance burns away.
The wall freezes Donald but does no damage.
The wall freezes Donald.
Donald hits you with a +0 double sword!
You hit Donald but do no damage. You drain Donald.
Donald is moderately wounded.
The wall freezes Donald but does no damage.
Donald hits you with a +0 double sword!
Casting: Scorch (safe; 1% risk of failure)
Confirm with . or Enter, or press ? or * to list all spells.
Flames lash Donald.
Donald is burned terribly!
Donald is moderately wounded.
The wall freezes Donald.
Donald closely misses you.
Casting: Scorch (safe; 1% risk of failure)
Confirm with . or Enter, or press ? or * to list all spells.
Flames lash Donald.
Donald is burned terribly!
Donald is heavily wounded.
The wall freezes Donald but does no damage.
Donald hits you with a +0 double sword!!
The wall freezes Donald.
Donald hits you with a +0 double sword!
* * * LOW HITPOINT WARNING * * *
As you read the scroll of fear, it crumbles to dust.
You assume a fearsome visage.
Donald resists with some effort.
The wall freezes Donald but does no damage.
Donald hits you with a +0 double sword!!!
You die...
Donald says, "I won.
I... don't hate that."

#..### #..# ##...<#
....# ##...### ### .....
###......####.##
.....##.........#....#
......##............##
##.................###
#....................##
# #.....[..#...#@......#
.##.........#.#@.(....##
.......................#
.........#..........#.##
.....##.#.........#####
.....######......##
.....## #.......#
......####.....#####
......##...........##


You could see Donald (fast, strong, combustible, drained, reflecting).

Vanquished Creatures
  Gastronok (D:8)
  A centaur warrior (D:10)
  A two-headed ogre (D:9)
  An orc high priest (Orc:1)
  Maurice (Orc:2)
  A cyclops (Orc:2)
  4 kobold blastminers (Orc:1)
  Joseph (D:10)
  2 kobold demonologists (D:10)
  2 trolls
  2 hornets
  14 yaks
  Eustachio (D:5)
  A wyvern (D:9)
  A steam dragon (D:8)
  2 vampire mosquitoes (D:8)
  An acid dragon (D:9)
  A water moccasin (D:7)
  3 black bears
  11 orc warriors
  An ice beast (D:7)
  A sky beast (D:8)
  The ghost of mrw3rdna the Shield-Bearer, an amateur MiFi (D:3)
  2 ogres
  8 centaurs
  A phantom (D:5)
  6 kobold brigands
  A gnoll sergeant (D:9)
  3 bullfrogs
  3 scorpions
  21 wights
  4 killer bees (D:8)
  3 electric eels (D:9)
  6 howler monkeys
  A crimson imp (D:6)
  2 bombardier beetles
  3 jellies (D:5)
  13 orc priests
  2 gnoll boudas
  2 hounds
  4 iguanas
  15 orc wizards
  6 adders
  17 gnolls
  3 shadow imps
  A white imp (D:7)
  6 ufetubi
  2 dart slugs
  A ribbon worm (D:2)
  54 orcs
  7 ball pythons
  4 bats
  6 endoplasms
  2 giant cockroaches
  5 goblins
  6 hobgoblins
  7 jackals
  4 quokkas
  3 frilled lizards
  30 kobolds
  3 rats
322 creatures vanquished.

Vanquished Creatures (collateral kills)
  An orc (D:6)
1 creature vanquished.

Vanquished Creatures (others)
  A two-headed ogre (Orc:2)
1 creature vanquished.

Grand Total: 324 creatures vanquished

Notes
Turn   | Place    | Note
-------+----------+-------------------------------------------
     0 | D:1      | unlimited1921 the Gnoll Cinder Acolyte began the quest for
                  | the Orb.
     0 | D:1      | Reached XP level 1. HP: 23/23 MP: 4/4
   854 | D:1      | Reached XP level 2. HP: 27/29 MP: 5/5
  2149 | D:2      | Reached XP level 3. HP: 27/35 MP: 7/7
  2791 | D:2      | Reached skill level 1 in Invocations
  3168 | D:2      | Reached skill level 1 in Short Blades
  3168 | D:2      | Reached skill level 1 in Long Blades
  3168 | D:2      | Reached skill level 1 in Maces & Flails
  3168 | D:2      | Reached skill level 1 in Polearms
  3168 | D:2      | Reached skill level 1 in Staves
  3168 | D:2      | Reached skill level 1 in Ranged Weapons
  3168 | D:2      | Reached skill level 1 in Throwing
  3168 | D:2      | Reached skill level 1 in Armour
  3168 | D:2      | Reached skill level 1 in Dodging
  3168 | D:2      | Reached skill level 1 in Stealth
  3168 | D:2      | Reached skill level 1 in Shields
  3168 | D:2      | Reached skill level 1 in Unarmed Combat
  3168 | D:2      | Reached skill level 1 in Evocations
  3310 | D:2      | Learned a level 3 spell: Hailstorm
  3313 | D:2      | Learned a level 2 spell: Scorch
  3756 | D:2      | Reached skill level 1 in Shapeshifting
  3756 | D:2      | Reached XP level 4. HP: 41/41 MP: 8/8
  4394 | D:3      | Reached skill level 1 in Conjurations
  4394 | D:3      | Reached skill level 1 in Hexes
  4394 | D:3      | Reached skill level 1 in Summonings
  4394 | D:3      | Reached skill level 1 in Necromancy
  4394 | D:3      | Reached skill level 1 in Translocations
  4394 | D:3      | Reached skill level 1 in Ice Magic
  4394 | D:3      | Reached skill level 1 in Air Magic
  4394 | D:3      | Reached skill level 1 in Earth Magic
  4394 | D:3      | Reached skill level 1 in Alchemy
  4464 | D:3      | HP: 1/41 [gnoll/+0 halberd (14)]
  4833 | D:3      | Reached XP level 5. HP: 46/47 MP: 7/9
  5021 | D:3      | Found a runed translucent door.
  5022 | D:3      | Noticed mrw3rdna's ghost (amateur MiFi)
  5236 | D:3      | Found a faded altar of an unknown god.
  5313 | D:3      | Found a broken altar of Ashenzari.
  5317 | D:3      | Found a white marble altar of Elyvilon.
  5320 | D:3      | Found a sacrificial altar of Ru.
  5459 | D:4      | Reached XP level 6. HP: 49/53 MP: 5/11
  5787 | D:4      | Noticed a black bear
  5811 | D:4      | Killed a black bear
  6718 | D:4      | You are sucked into a shaft and drop 1 floor!
  6718 | D:5      | Entered Level 5 of the Dungeon
  6778 | D:5      | Reached XP level 7. HP: 60/60 MP: 5/12
  7299 | D:5      | Found a snail-covered altar of Cheibriados.
  7706 | D:5      | Noticed Eustachio
  7794 | D:5      | Killed Eustachio
  7972 | D:5      | Found a glowing silver altar of Zin.
  8136 | D:5      | Reached XP level 8. HP: 28/67 MP: 11/14
 11596 | D:6      | Reached XP level 9. HP: 43/73 MP: 10/16
 11831 | D:6      | Found a shimmering altar of Xom.
 11831 | D:6      | Found a burning altar of Makhleb.
 12036 | D:6      | Reached skill level 5 in Spellcasting
 12054 | D:6      | Found a staircase to the Ecumenical Temple.
 12344 | D:6      | Found Viasath's General Store.
 12364 | Temple   | Entered the Ecumenical Temple
 12695 | D:3      | Killed mrw3rdna's ghost
 13096 | D:4      | Found a sparkling altar of Nemelex Xobeh.
 15268 | D:7      | Reached skill level 5 in Invocations
 16604 | D:7      | Reached skill level 5 in Short Blades
 17408 | D:8      | Identified the ring "Cumi" {Str+6 SInv}
 17505 | D:8      | Learned a level 3 spell: Frozen Ramparts
 17558 | D:8      | Reached skill level 5 in Long Blades
 17558 | D:8      | Reached skill level 5 in Maces & Flails
 17558 | D:8      | Reached skill level 5 in Polearms
 17558 | D:8      | Reached skill level 5 in Staves
 17558 | D:8      | Reached skill level 5 in Ranged Weapons
 17558 | D:8      | Reached skill level 5 in Throwing
 17558 | D:8      | Reached skill level 5 in Armour
 17558 | D:8      | Reached skill level 5 in Dodging
 17558 | D:8      | Reached skill level 5 in Stealth
 17558 | D:8      | Reached skill level 5 in Shields
 17558 | D:8      | Reached skill level 5 in Unarmed Combat
 17558 | D:8      | Reached skill level 5 in Evocations
 17558 | D:8      | Reached XP level 10. HP: 79/81 MP: 18/18
 18882 | D:8      | Learned a level 3 spell: Sigil of Binding
 18886 | D:8      | Learned a level 3 spell: Vampiric Draining
 19309 | D:8      | Reached skill level 5 in Shapeshifting
 19927 | D:8      | Found an ornate altar of the Wu Jian Council.
 20441 | D:8      | Noticed Gastronok
 20492 | D:8      | Killed Gastronok
 20647 | D:8      | Reached skill level 5 in Conjurations
 20647 | D:8      | Reached skill level 5 in Hexes
 20647 | D:8      | Reached skill level 5 in Summonings
 20647 | D:8      | Reached skill level 5 in Necromancy
 20647 | D:8      | Reached skill level 5 in Translocations
 20647 | D:8      | Reached skill level 5 in Ice Magic
 20647 | D:8      | Reached skill level 5 in Air Magic
 20647 | D:8      | Reached skill level 5 in Earth Magic
 20647 | D:8      | Reached skill level 5 in Alchemy
 20647 | D:8      | Reached XP level 11. HP: 68/89 MP: 13/21
 20801 | D:8      | Found a runed translucent door.
 20801 | D:8      | Noticed a centaur warrior
 20836 | D:8      | Found a runed translucent door.
 20836 | D:8      | Noticed a skeletal warrior
 20836 | D:8      | Noticed a white ugly thing
 20837 | D:8      | Found a runed translucent door.
 20838 | D:8      | Identified the staff "Xafet" {Int+2 Dex+3 Ice Earth}
 20942 | D:8      | Noticed a centaur warrior
 21331 | D:9      | Noticed a two-headed ogre
 21355 | D:9      | Killed a two-headed ogre
 23613 | D:9      | Learned a level 3 spell: Swiftness
 23618 | D:9      | Learned a level 4 spell: Airstrike
 24236 | D:10     | Entered Level 10 of the Dungeon
 24516 | D:10     | Noticed a centaur warrior
 24533 | D:10     | Killed a centaur warrior
 24719 | D:10     | Found a blossoming altar of Fedhas.
 24740 | D:10     | Noticed Joseph
 24749 | D:10     | Killed Joseph
 25191 | D:10     | Found a staircase to the Orcish Mines.
 25205 | Orc:1    | Entered Level 1 of the Orcish Mines
 25205 | Orc:1    | Noticed an orc high priest
 25371 | D:10     | Reached XP level 12. HP: 62/97 MP: 15/23
 25855 | Orc:1    | Killed an orc high priest
 27185 | Orc:2    | Entered Level 2 of the Orcish Mines
 27379 | Orc:2    | Noticed Maurice
 27391 | Orc:2    | Killed Maurice
 27392 | Orc:2    | Reached skill level 10 in Fighting
 27392 | Orc:2    | Reached skill level 10 in Axes
 27505 | Orc:2    | Found a staircase to the Elven Halls.
 27515 | Orc:2    | Noticed a two-headed ogre
 27708 | Orc:2    | Noticed Donald
 28058 | Orc:2    | Noticed an orc high priest
 28093 | Orc:2    | Mangled by Donald

Illustrated notes

Levels and vault maps discovered:
D:1:      psy_arrival_conway, layout_basic
D:2:      layout_basic, st_stairs_3, minmay_randomly_rotated_circles
D:3:      layout_rooms, grunt_temple_overflow_diamond,
          dilly_ecumenical_altar_fadedgnrine, gammafunk_ghost_grave,
          amcnicky_mini_pool_small, hangedman_decor_opposing,
          minmay_misc_feat_iff
D:4:      layout_basic, nemelex_altar_shiori
D:5:      layout_basic, mainiacjoe_overflow_alcove_2, zin_academy,
          kennysheep_minor_cross, uniq_eustachio
D:6:      layout_basic, grunt_temple_overflow_champion_of_chaos, temple_statues,
          serial_shops, nicolae_shop_pleasant_corner_grove,
          chequers_serial_rivers_micro_e
D:7:      layout_cave_pools, corexii_item_surrounded_by_moat,
          minmay_misc_feat_tower, patterned_corridor
D:8:      minmay_the_grid_triangle_9x9_rhombus_full
          [minmay_the_grid_triangle_9x9_skeleton,
          minmay_the_grid_triangle_9x9_corruption,
          minmay_the_grid_triangle_9x9_semitri,
          minmay_the_grid_triangle_9x9_alien,
          minmay_the_grid_triangle_9x9_zippers_vertical,
          minmay_the_grid_triangle_9x9_fully_insulated_deathbox,
          minmay_the_grid_triangle_9x9_empty,
          minmay_the_grid_triangle_9x9_prize_schism], layout_gridville,
          kennysheep_mini_moat, serial_rivers, chequers_serial_rivers_micro_b,
          chequers_serial_rivers_large_b, chequers_serial_rivers_small_b,
          chequers_serial_rivers_micro_b, chequers_serial_rivers_small_3,
          minmay_misc_feat_doors, st_stairs_8, uniq_gastronok
D:9:      layout_basic
D:10:     layout_basic, general_overflow_altar, grunt_lair_entry_orc_guard_hut,
          david_orc_4, uniq_joseph
Temple:   hellmonk_temple_forest_ring
Orc:1:    layout_caves
Orc:2:    st_orc_pillars, layout_diamond_mine, uniq_donald, uniq_maurice,
          uniq_urug

Skill      XL: |  1  2  3  4  5  6  7  8  9 10 11 12 |
---------------+-------------------------------------+-----
Invocations    | 1 2 3 4 5 6 7 8 |  8.2
Short Blades   | 1 2 3 5 7 8 9 |  9.6
Long Blades    | 1 2 3 5 6 7 |  7.5
Maces & Flails | 1 2 3 5 6 7 |  7.5
Polearms       | 1 2 3 5 6 7 |  7.5
Staves         | 1 2 3 5 6 7 |  7.5
Ranged Weapons | 1 2 3 5 6 7 |  7.5
Throwing       | 1 2 3 5 6 7 |  7.5
Armour         | 1 2 3 5 6 7 |  7.5
Dodging        | 1 2 3 5 6 7 |  7.5
Stealth        | 1 2 3 5 6 7 |  7.5
Shields        | 1 2 3 5 6 7 |  7.5
Unarmed Combat | 1 2 3 5 6 7 |  7.5
Evocations     | 1 2 3 5 6 7 |  7.5
Shapeshifting  | 1 2 3 4 5 6 |  6.8
Spellcasting   | 3 4 5 6 7 8 |  8.0
Conjurations   | 1 2 3 4 5 6 |  6.2
Hexes          | 1 2 3 4 5 6 |  6.2
Summonings     | 1 2 3 4 5 6 |  6.2
Necromancy     | 1 2 3 4 5 6 |  6.2
Translocations | 1 2 3 4 5 6 |  6.2
Ice Magic      | 1 2 3 4 5 6 |  6.2
Air Magic      | 1 2 3 4 5 6 |  6.2
Earth Magic    | 1 2 3 4 5 6 |  6.2
Alchemy        | 1 2 3 4 5 6 |  6.2
Fighting       | 7 8 9 10 | 10.0
Axes           | 7 8 9 10 | 10.0
Fire Magic     | 6 7 8 |  8.4

Action                     |  1- 3 |  4- 6 |  7- 9 | 10-12 || total
---------------------------+-------+-------+-------+-------++-------
  Melee: Hand axe          |    96 |    95 |   186 |   188 ||   565
         Bite              |    11 |    11 |    16 |    18 ||    56
         Punch             |     2 |       |       |     5 ||     7
   Fire: Shortbow          |     4 |       |       |       ||     4
         Orcbow            |       |       |       |    44 ||    44
  Throw: Dart              |       |       |    40 |    74 ||   114
         Javelin           |       |       |       |    27 ||    27
   Cast: Scorch            |       |    28 |   146 |   118 ||   292
         Frozen Ramparts   |       |       |       |    16 ||    16
         Sigil of Binding  |       |       |       |    14 ||    14
         Vampiric Draining |       |       |       |    12 ||    12
         Hailstorm         |       |       |       |    28 ||    28
         Airstrike         |       |       |       |     9 ||     9
         Swiftness         |       |       |       |     1 ||     1
 Invoke: Fiery Armour      |       |       |     1 |     1 ||     2
  Evoke: Wand              |       |       |     7 |     5 ||    12
    Use: Scroll            |       |       |     1 |     9 ||    10
   Stab: Sleeping          |       |       |       |     2 ||     2
 Armour: Robe              |    19 |       |       |       ||    19
         Scale mail        |    49 |    10 |       |       ||    59
         Leather armour    |       |    53 |   271 |    96 ||   420
         Troll leather arm |       |       |       |   165 ||   165
  Dodge: Dodged            |    41 |    52 |   207 |   233 ||   533
  Block: Buckler           |     3 |    11 |    73 |    34 ||   121
